 Dungeon Crawl Stone Soup version 0.28-a0-1435-g82390b3a13 (webtiles) character file.

Game seed: 13362429045315748698

23 hashsling the Skirmisher (level 2, -1/20 HPs)
             Began as a Gargoyle Monk on Jan 9, 2022.
             Slain by a gnoll (8 damage)
             ... on level 1 of the Dungeon.
             The game lasted 00:02:35 (464 turns).

hashsling the Skirmisher (Gargoyle Monk)             Turns: 464, Time: 00:02:36

Health: -1/20      AC:  4    Str: 14    XL:     2   Next: 95%
Magic:  2/2        EV: 12    Int: 10    God:
Gold:   37         SH:  0    Dex: 12    Spells: 1/1 levels left

rFire   . . .      SeeInvis .   a - +0 mace
rCold   . . .      Faith    .   (no shield)
rNeg    + . .      Spirit   .   b - +0 robe
rPois   ∞          Reflect  .   (no helmet)
rElec   +          Harm     .   (no cloak)
rCorr   .          Rampage  .   (no gloves)
Will    .....                   (no boots)
Stlth   ++........              (no amulet)
HPRegen 0.06/turn               (no ring)
MPRegen 0.08/turn               (no ring)

@: no status effects
A: sickness immunity, AC +2, negative energy resistance 1, electricity
resistance, torment resistance 1, petrification resistance
a: no special abilities


You were on level 1 of the Dungeon.
You visited 1 branch of the dungeon, and saw 1 of its levels.

You collected 37 gold pieces.

Inventory:

Hand Weapons
 a - a +0 mace (weapon)
Missiles
 d - 65 stones (quivered)
Armour
 b - a +0 robe (worn)
Scrolls
 c - a scroll of enchant weapon {unknown}
Potions
 e - a potion of brilliance {unknown}


   Skills:
 * Level 3.8 Fighting
 * Level 3.4 Maces & Flails
 + Level 2.6 Dodging
 - Level 2.1 Stealth


You had one spell level left.
You didn't know any spells.
Your spell library contained the following spells:

 Spells                   Type           Power      Damage    Failure   Level
 Sandblast                Erth           0%         2d4       36%         1
 Passwall                 Tmut/Erth      0%         N/A       50%         2
 Stone Arrow              Conj/Erth      0%         3d7       75%         3


Dungeon Overview and Level Annotations

Branches:
Dungeon (1/15)

Altars:


Innate Abilities, Weirdness & Mutations

You are immune to sickness and miasma.
Your stone body is resilient. (AC +2)
You are immune to poison.
You resist negative energy. (rN+)
You are resistant to electric shocks. (rElec)
You are resistant to unholy torment.
You are immune to petrification.


Message History

You closely miss the bat. The bat misses you.
The bat hits you but does no damage. x2
You closely miss the bat. The bat closely misses you.
You closely miss the bat. The bat closely misses you. The bat hits you.
You closely miss the bat. The bat misses you.
The bat hits you but does no damage.
You hit the bat.
You kill the bat!
You now have 37 gold pieces (gained 8).
A goblin comes into view. It is wielding a +0 club.
A rat comes into view.
The helpless goblin fails to defend itself.
You hit the goblin.
The goblin is heavily wounded.
The goblin hits you with a +0 club.
You hit the goblin.
You kill the goblin!
You completely miss the rat. The rat closely misses you.
You hit the rat.
You kill the rat!
You see here a +0 club.
d - 65 stones (gained 21)
You see here a +0 club.
A kobold comes into view. It is wielding a +0 dagger.
A gnoll comes into view. It is wielding a +0 club.
Found 13 gold pieces.
Found a stone staircase leading down.
The gnoll shouts!
The kobold shouts!
You barely miss the gnoll. You punch the gnoll, but do no damage.
The gnoll hits you with a +0 club. The kobold hits you with a +0 dagger.
The gnoll misses you.
You hit the kobold.
The kobold is moderately wounded.
The gnoll hits you with a +0 club. The kobold closely misses you.
The gnoll hits you with a +0 club.
The kobold throws a stone.
The stone closely misses you.
You hit the gnoll.
The gnoll is lightly wounded.
The gnoll hits you with a +0 club!
You die...

#....... ##.....#
###..... ##......# #.....
##.......# #.....
........### ###.... .
..........###....#. .
.................. ..##.
#.....##...##..... .$...#
#@....##....#.....
......##gK.####..#.#.....
#...............#.÷.....
###..............#.......
.................#.......
.........................
....................)....
.................#.......
.........................


You could see a gnoll and a kobold.

Vanquished Creatures
  5 ball pythons (D:1)
  4 bats (D:1)
  An endoplasm (D:1)
  2 goblins (D:1)
  2 hobgoblins (D:1)
  2 quokkas (D:1)
  A kobold (D:1)
  4 rats (D:1)
21 creatures vanquished.

Notes
Turn   | Place    | Note
-------+----------+-------------------------------------------
     0 | D:1      | hashsling the Gargoyle Monk began the quest for the Orb.
     0 | D:1      | Reached XP level 1. HP: 14/14 MP: 1/1
   114 | D:1      | Reached XP level 2. HP: 14/19 MP: 2/2
   464 | D:1      | Slain by a gnoll

Illustrated notes

Levels and vault maps discovered:
D:1:      minmay_arrival_hallway, layout_rooms, minmay_cut_off

Action                   || total
-------------------------++-------
Melee: Mace              ||    58
       Punch             ||     2
 Stab: Sleeping          ||     2
Armor: Robe              ||    29
Dodge: Dodged            ||    40

Table legend: (Time is in decaauts)
 A = Elapsed time spent in this place.
 B = Non-inter-level travel time spent in this place.
 C = Inter-level travel time spent in this place.
 D = Time resting spent in this place.
 E = Time spent auto-exploring this place.
 F = Levels seen in this place.
 G = Mean time per level.
                   A        B        C        D        E       F      G
               +--------+--------+--------+--------+--------+-----+--------+
         Total |    478 |    478 |      0 |      0 |    290 |   1 |  478.0 |
       Dungeon |    478 |    478 |      0 |      0 |    290 |   1 |  478.0 |
               +--------+--------+--------+--------+--------+-----+--------+

Top non-repeatable levels by time:
     D:1: 478 daAuts
